 Dungeon Crawl Stone Soup version 0.29.0-4-gdea44cf6ec (webtiles) character file.

Game seed: 5939802904277425364

1 qw the Grasshopper (level 1, -1/12 HPs)
             Began as a Tengu Warper on Aug 28, 2022.
             Slain by a kobold
             ... wielding a +0 dagger
              (2 damage)
             ... on level 1 of the Dungeon.
             The game lasted 00:00:00 (33 turns).

qw the Grasshopper (Tengu Warper)                     Turns: 33, Time: 00:00:00

Health: -1/12      AC:  3    Str: 11    XL:     1   Next: 20%
Magic:  4/4        EV: 11    Int: 13    God:
Gold:   0          SH:  0    Dex: 13    Spells: 4/4 levels left

rFire   . . .      SeeInvis .   a - +0 hand axe
rCold   . . .      Faith    .   (no shield)
rNeg    . . .      Spirit   .   b - +0 leather armour
rPois   .          Reflect  .   (helmet restricted)
rElec   .          Harm     .   (no cloak)
rCorr   .          Rampage  .   (no gloves)
Will    .....                   (boots unavailable)
Stlth   +.........              (no amulet)
HPRegen 0.04/turn               (no ring)
MPRegen 0.09/turn               (no ring)

@: no status effects
A: beak, talons 3
a: no special abilities


You were on level 1 of the Dungeon.
You visited 1 branch of the dungeon, and saw 1 of its levels.


Innate Abilities, Weirdness & Mutations

You have a beak for a mouth.
You have claws for feet.


   Skills:
 - Level 2.0 Fighting
 + Level 2.3 Axes
 - Level 1.0 Throwing
 - Level 1.1 Armour
 - Level 2.1 Dodging
 - Level 2.0 Spellcasting
 - Level 2.4 Translocations


You had 4 spell levels left.
You didn't know any spells.
Your spell library contained the following spells:

 Spells                   Type           Power      Damage    Failure   Level
 Blink                    Tloc           14%        N/A       19%         2
 Gell's Gravitas          Tloc           7%         N/A       36%         3
 Lesser Beckoning         Tloc           7%         N/A       36%         3
 Teleport Other           Tloc           7%         N/A       36%         3
 Manifold Assault         Tloc           7%         N/A       98%         5

Inventory:

Hand Weapons
 a - a +0 hand axe (weapon)
Missiles
 d - 6 boomerangs of dispersal (quivered)
Armour
 b - a +0 leather armour (worn)
Scrolls
 c - a scroll of blinking
 e - a scroll of identify {unknown}

Dungeon Overview and Level Annotations

Branches:
Dungeon (1/15)

Altars:


Message History

The jackal is almost dead.
You hit the kobold. The jackal barely misses you.
The kobold hits you but does no damage.
You barely miss the jackal. You claw the jackal, but do no damage.
Your peck misses the jackal.
The jackal is almost dead.
You miss the kobold. The jackal barely misses you. The jackal bites you.
The kobold barely misses you.
You barely miss the jackal. Your kick misses the jackal.
Your peck misses the jackal.
The jackal is almost dead.
You miss the kobold. You hit the jackal. The jackal bites you.
The jackal completely misses you.
An endoplasm comes into view.
The kobold closely misses you. The jackal barely misses you.
The jackal bites you but does no damage.
You closely miss the jackal.
The jackal is almost dead.
The endoplasm quivers.
You hit the kobold but do no damage. You closely miss the jackal.
The jackal bites you.
The jackal bites you but does no damage.
A kobold comes into view. It is wielding a +0 short sword.
The kobold barely misses you. The jackal closely misses you.
The kobold shouts!
You hit the kobold but do no damage. You claw the kobold, but do no damage.
The kobold is severely wounded.
You barely miss the jackal. You hit the jackal but do no damage.
The jackal misses you. The kobold hits you with a +0 dagger.
An endoplasm comes into view.
The jackal closely misses you. The jackal bites you.
The kobold hits you with a +0 dagger.
You hit the kobold but do no damage. Your peck misses the kobold.
The kobold is severely wounded.
You barely miss the jackal. You completely miss the jackal.
The jackal bites you but does no damage.
The jackal bites you. The jackal completely misses you.
The jackal barely misses you. The kobold hits you with a +0 dagger.
You die...

#..#..# .###...#
#..#..##..##...# ..
..###.(##.##...# g
.# ##.##.##...# ?# .
#.##.##...# .$# #
##.#.##...#####.###.
##...#...##........
###.....##K.....?.
###...#@hgJKJ...
###...h.......
##....#.....
..#.........
.............
.....#.........
.....#...#.####
.....#...#.# ......
...# .


You could see 2 endoplasms, 2 jackals, a hobgoblin and 2 kobolds.

Vanquished Creatures
  A bat (D:1)
1 creature vanquished.

Notes
Turn   | Place    | Note
-------+----------+-------------------------------------------
     0 | D:1      | qw the Tengu Warper began the quest for the Orb.
     0 | D:1      | Reached XP level 1. HP: 12/12 MP: 4/4
     0 | D:1      | 0 ||| qw: Version: 0.1-a-89-g26bdef1
     0 | D:1      | 0 ||| qw: Game counter: 1803
     0 | D:1      | 0 ||| qw: Always use a shield: true
     0 | D:1      | 0 ||| qw: God list: Okawaru
     0 | D:1      | 0 ||| qw: Allow faded altars: false
     0 | D:1      | 0 ||| qw: Do Orc after D:15 true
     0 | D:1      | 0 ||| qw: Do second Lair branch before Depths: true
     0 | D:1      | 0 ||| qw: Lair rune preference: random
     0 | D:1      | 0 ||| qw: Plans: Normal
     0 | D:1      | 0 ||| PLANNING D:1-11
    24 | D:1      | 24 ||| Stepping ~*~*~tactically~*~*~ (stealth).
    32 | D:1      | HP: 3/12 [kobold/+0 dagger (1)]
    33 | D:1      | HP: 1/12 [jackal (2)]
    33 | D:1      | Slain by a kobold

Levels and vault maps discovered:
D:1:      dpeg_arrival_simpleton_a, layout_basic,
          hellmonk_ecumenical_altar_lost_god, minmay_pentomino_t2

Action                   || total
-------------------------++-------
Melee: Hand axe          ||    10
       Kick              ||     2
Throw: Boomerang         ||     1
Armor: Leather armour    ||     5
Dodge: Dodged            ||    17

Table legend:
 A = Non-vault XP
 B = Vault XP
 C = Vault XP percentage of total XP
 D = Non-vault monster count
 E = Vault monster count
 F = Vault count percentage of total count
                 A         B        C        D         E       F
            +---------+---------+-------+---------+---------+-------
      Total |       0 |       2 | 100.0 |       0 |       1 | 100.0
            +---------+---------+-------+---------+---------+-------
        D:1 |       0 |       2 | 100.0 |       0 |       1 | 100.0
            +---------+---------+-------+---------+---------+-------
